 Dungeon Crawl Stone Soup version 0.29.0-5-ge4962eb29e (webtiles) character file.

Game seed: 3147795988958697027

57339 Armakuni the Caregiver (level 15, -6/118 HPs)
             Began as a Meteoran Delver on Aug 28, 2022.
             Was a Believer of Elyvilon.
             Mangled by a large abomination (10 damage)
             ... on level 4 of the Lair of Beasts.
             The game lasted 01:10:29 (14222 turns).

Armakuni the Caregiver (Meteoran Delver)           Turns: 14222, Time: 01:10:29

Health: -6/118     AC: 20    Str: 16    XL:     15   Next: 69%
Magic:  27/27      EV: 15    Int: 15    God:    Elyvilon [**....]
Gold:   2076       SH:  0    Dex: 19    Spells: 5/16 levels left

rFire   . . .      SeeInvis .   a - +2 lajatang (venom)
rCold   . . .      Faith    +   (shield currently unavailable)
rNeg    . . .      Spirit   .   w - +4 scale mail of the Kettle-Drum {Contam Slay+6}
rPois   .          Reflect  .   L - +0 helmet
rElec   .          Harm     .   (no cloak)
rCorr   .          Rampage  .   (no gloves)
Will    ++...                   O - +1 pair of boots {Stlth+}
Stlth   +.........              U - amulet of faith
HPRegen 0.29/turn               A - +4 ring of protection
MPRegen 0.20/turn               W - ring of willpower

@: glowing
A: sense surroundings 2, otherworldly, glowing, explore regen
a: Renounce Religion, Purification, Heal Other


You were on level 4 of the Lair of Beasts.
You worshipped Elyvilon.
Elyvilon was pleased with you.
You visited 3 branches of the dungeon, and saw 16 of its levels.
You also visited: Bailey.

You collected 2847 gold pieces.
You spent 771 gold pieces at shops.

Inventory:

Hand Weapons
 a - a +2 lajatang of venom (weapon)
 b - a +1 longbow of flaming
 f - a +2 flail of holy wrath
Armour
 w - the +4 scale mail of the Kettle-Drum (worn) {Contam Slay+6}
   (You found it on level 1 of the Lair of Beasts)

   Slay:      It affects your accuracy & damage with ranged weapons and melee
   (+6).
   Contam:    It causes magical contamination when unequipped.
 C - +0 fire dragon scales
 L - a +0 helmet (worn)
 O - a +1 pair of boots of stealth (worn)
Magical Staves
 s - a staff of poison
Jewellery
 A - a +4 ring of protection (left hand)
 F - the ring "Itex" {Fire Int+3 Slay+3}
   (You took it off a gnoll bouda in a bailey)

   [ring of fire]

   It enhances your fire magic.
   Int:       It affects your intelligence (+3).
   Slay:      It affects your accuracy & damage with ranged weapons and melee
   (+3).
   rF:        It protects you from fire.
   rC:        It makes you vulnerable to cold.
 J - a ring of protection from cold
 U - an amulet of faith (around neck)
 W - a ring of willpower (right hand)
Wands
 h - a wand of acid (3)
 k - a wand of digging (1)
 p - a wand of polymorph (4)
 v - a wand of flame (22)
 N - a wand of iceblast (3)
Scrolls
 c - 4 scrolls of fog
 d - 7 scrolls of teleportation
 g - 4 scrolls of blinking
 j - a scroll of noise
 m - 2 scrolls of immolation
 n - a scroll of poison
 o - 5 scrolls of magic mapping
 u - 3 scrolls of fear
 y - 11 scrolls of identify
 B - a scroll of enchant armour
 D - a scroll of vulnerability
 K - a scroll of amnesia
Potions
 e - 3 potions of cancellation
 i - 5 potions of brilliance
 l - 4 potions of lignification
 q - 9 potions of curing
 r - 9 potions of heal wounds
 x - 2 potions of might
 z - 3 potions of mutation
 E - 3 potions of ambrosia
 H - a potion of magic
 I - 4 potions of haste
Miscellaneous
 t - a tin of tremorstones (2/2)
 G - a phial of floods


   Skills:
 - Level 7.0 Fighting
 - Level 8.0(12.2) Maces & Flails
 - Level 13.2(14.0) Staves
 - Level 10.0 Armour
 - Level 10.0 Dodging
 - Level 3.7 Stealth
 - Level 1.0 Spellcasting
 + Level 13.3 Ice Magic
 - Level 15.0 Invocations
 - Level 10.0 Evocations


You had 5 spell levels left.
You knew the following spells:

 Your Spells              Type           Power      Damage    Failure   Level
a - Apportation           Tloc           0%         N/A       56%         1
o - Ozocubu's Armour      Ice            40%        N/A       1%          3
r - Ozocubu's Refrigerat  Ice            20%        4d11      94%         7

Your spell library contained the following spells:

 Spells                   Type           Power      Damage    Failure   Level
 Ensorcelled Hibernation  Hex/Ice        40%        N/A       7%          2
 Foxfire                  Conj/Fire      0%         2x1d4     56%         1
 Necrotise                Necr           0%         1d4       56%         1
 Sting                    Tmut/Pois      0%         1d3       56%         1
 Summon Small Mammal      Summ           0%         N/A       56%         1
 Poisonous Vapours        Pois/Air       0%         N/A       71%         2
 Metabolic Englaciation   Hex/Ice        10%        N/A       77%         5
 Call Canine Familiar     Summ           0%         N/A       90%         3
 Conjure Flame            Conj/Fire      0%         6-21      90%         3
 Dazzling Flash           Conj/Hex       0%         N/A       90%         3
 Inner Flame              Hex/Fire       0%         N/A       90%         3
 Portal Projectile        Hex/Tloc       0%         N/A       90%         3
 Tukima's Dance           Hex            0%         N/A       90%         3
 Corpse Rot               Necr/Pois/Air  0%         N/A       100%        4
 Flame Wave               Conj/Fire      0%         2d4       100%        4
 Leda's Liquefaction      Hex/Erth       0%         N/A       100%        4
 Olgreb's Toxic Radiance  Pois           0%         N/A       100%        4
 Passage of Golubria      Tloc           0%         N/A       100%        4
 Agony                    Necr           0%         N/A       100%        5
 Fireball                 Conj/Fire      0%         3d3       100%        5
 Silence                  Hex/Air        0%         N/A       100%        5
 Yara's Violent Unravell  Hex/Tmut       0%         3d3       100%        5
 Simulacrum               Ice/Necr       10%        N/A       100%        6
 Starburst                Conj/Fire      0%         6d3       100%        6
 Ignition                 Fire           0%         3d3       100%        8


Dungeon Overview and Level Annotations

Branches:
Dungeon (10/15) Zot: 125   Temple (1/1) D:5 Zot: 519    Lair (5/5) D:9 Zot: 179
 Shoals (0/4) Lair:3        Snake (0/4) Lair:3       Bailey (visited)
  Slime: Lair:4-5       Orc: D:9-12

Altars:
Ashenzari
Cheibriados
Dithmenos
Elyvilon
Fedhas
Gozag
Hepliaklqana
Kikubaaqudgha
Makhleb
Nemelex Xobeh
Okawaru
Ru
Trog
Uskayaw
Vehumet
Wu Jian
Xom
Yredelemnul
Zin
The Shining One
Lugonu

Shops:
D:1 (   D:4 !

Portals:
Abyss: Lair:5
Trove: D:10 (give +4 shadow dragon scales)

Annotations:
Lair:2 exclusion: 2 oklob plants


Innate Abilities, Weirdness & Mutations

You passively map the area around you.
You are easily found by Zot.
You glow in the dark.
You regain HP and MP as you explore.


Message History

The large abomination hits you!
* * * LOW HITPOINT WARNING * * *
A mysterious force pulls you upwards. The hatch slams shut behind you.
You closely miss the large abomination.
The large abomination hits you but does no damage.
You hit the large abomination.
The large abomination is lightly damaged.
You barely miss the large abomination.
The large abomination is lightly damaged.
The large abomination hits you but does no damage.
You slash the large abomination!
The large abomination is moderately damaged.
The large abomination closely misses you.
You hit the large abomination.
The large abomination is heavily damaged.
You hit the large abomination but do no damage.
The large abomination is heavily damaged.
The large abomination hits you but does no damage.
You barely miss the large abomination.
The large abomination is heavily damaged.
The large abomination hits you.
* * * LOW HITPOINT WARNING * * *
You hit the large abomination.
The large abomination is heavily damaged.
You hit the large abomination.
The large abomination is severely damaged.
The large abomination hits you but does no damage.
You barely miss the large abomination.
The large abomination is severely damaged.
The large abomination hits you but does no damage.
You hit the large abomination.
The large abomination is severely damaged.
The large abomination hits you!!
* * * LOW HITPOINT WARNING * * *
You slash the large abomination!
The large abomination is almost destroyed.
You hit the large abomination.
The large abomination is almost destroyed.
The large abomination hits you!
You die...

##.....#..#####.#......##
##..........##.#....††...# #
#..............#P.#......# #
#..............#..#......#
###..............#..#......#
.##.................#......#
....................#......#
.###.#..............#......#
.# ####.........@PP........#
.# ##.......X.##........#
.## ##.#......##.......##
#.# #####.#......P...## .##
###.##.#...### ## #######.##
#.## ##..# # #...##


You could see a large abomination.

Vanquished Creatures
  Gastronok (Lair:1)
  A hydra (Lair:5)
  A catoblepas (Lair:2)
  9 death yaks
  2 two-headed ogres (D:9)
  A death knight (D:9)
  A tengu warrior (D:9)
  3 thrashing horrors (Lair:5)
  A sea snake (Lair:4)
  3 lindwurms
  An orc knight (D:9)
  2 manticores
  2 cyclopes (D:9)
  2 ugly things
  5 elephants (Lair:2)
  11 cane toads
  5 black mambas
  A smoke demon (Lair:5)
  3 rime drakes
  6 komodo dragons
  An ancient zyme (Lair:5)
  A troll (D:9)
  5 polar bears
  A wind drake (Lair:3)
  A wind drake (shapeshifter) (Lair:5)
  3 hornets
  18 dream sheep
  23 blink frogs
  A spriggan (Lair:5)
  25 yaks
  2 wyverns (Lair:2)
  A shadow (D:9)
  A ynoxinul (Lair:5)
  11 basilisks
  A steam dragon (D:9)
  A chaos spawn (Lair:5)
  A naga (Lair:3)
  26 water moccasins
  10 small abominations (Lair:5)
  5 large abominations (Lair:5)
  2 ice beasts
  5 orc warriors
  4 black bears
  An ogre (shapeshifter) (Lair:5)
  4 ogres
  16 wolves
  5 centaurs
  2 phantoms
  5 kobold brigands
  16 bullfrogs
  2 necrophages
  8 gnoll sergeants
  2 scorpions
  9 wights
  27 killer bees
  2 howler monkeys
  A lava snake (D:9)
  7 orc priests
  8 gnoll boudas
  5 hounds
  4 iguanas
  Jessica (D:3)
  12 orc wizards
  30 gnolls
  11 adders
  A river rat (D:6)
  2 white imps
  4 ufetubi
  A worm (D:2)
  4 dart slugs
  38 orcs
  9 ball pythons
  4 endoplasms
  3 giant cockroaches
  8 goblins
  8 hobgoblins
  2 jackals (D:1)
  14 kobolds
  6 quokkas
  6 bats
  4 frilled lizards
  9 rats
511 creatures vanquished.

Vanquished Creatures (others)
  2 hydras
  2 death yaks
  A komodo dragon (Lair:4)
  A yak (Lair:5)
  An orc warrior (D:9)
  3 orcs (D:9)
  34 fungi
  72 plants
116 creatures vanquished.

Grand Total: 627 creatures vanquished

Notes
Turn   | Place    | Note
-------+----------+-------------------------------------------
     0 | D:5      | Armakuni the Meteoran Delver began the quest for the Orb.
     0 | D:5      | Reached XP level 1. HP: 19/19 MP: 2/2
     5 | D:6      | Found a glowing golden altar of the Shining One.
   119 | D:5      | Noticed a water moccasin
   122 | D:5      | Killed a water moccasin
   123 | D:5      | Reached skill level 5 in Maces & Flails
   123 | D:5      | Reached XP level 2. HP: 26/26 MP: 3/3
   123 | D:5      | Reached XP level 3. HP: 31/31 MP: 4/4
   123 | D:5      | Reached XP level 4. HP: 38/38 MP: 5/5
   123 | D:5      | Reached XP level 5. HP: 45/45 MP: 6/6
   165 | D:5      | Noticed a necrophage
   186 | D:4      | Noticed a phantom
   207 | D:4      | Killed a phantom
   208 | D:4      | Reached XP level 6. HP: 33/51 MP: 7/7
   241 | D:5      | Found a radiant altar of Vehumet.
   266 | D:5      | Found a staircase to the Ecumenical Temple.
   276 | Temple   | Entered the Ecumenical Temple
   336 | Temple   | Became a worshipper of Elyvilon the Healer
   502 | D:3      | Found a faded altar of an unknown god.
   702 | D:3      | Reached XP level 7. HP: 57/57 MP: 8/8
   739 | D:3      | Found a shadowy altar of Dithmenos.
   965 | D:3      | Found a burning altar of Makhleb.
  1087 | D:2      | Reached * piety under Elyvilon
  1236 | D:2      | Reached skill level 1 in Invocations
  1383 | D:1      | Found Ydyes's Antique Weapon Shoppe.
  1678 | D:1      | Reached ** piety under Elyvilon
  2276 | D:4      | Reached skill level 1 in Staves
  2276 | D:4      | Reached skill level 2 in Invocations
  2297 | D:4      | Reached skill level 3 in Invocations
  2416 | D:4      | Found a blossoming altar of Fedhas.
  2458 | D:4      | Found a sparkling altar of Nemelex Xobeh.
  2511 | D:4      | Found Lyonoano's Distillery.
  2532 | D:4      | Reached XP level 8. HP: 42/63 MP: 11/11
  2717 | D:4      | Reached skill level 4 in Invocations
  2926 | D:5      | Reached *** piety under Elyvilon
  3147 | D:5      | Reached skill level 5 in Invocations
  3147 | D:5      | You fall into a shaft and drop 1 floor!
  3351 | D:5      | Reached skill level 5 in Staves
  3359 | D:5      | Reached skill level 6 in Invocations
  3396 | D:5      | Gained mutation: You passively map the area around you.
                  | [Meteoran growth]
  3396 | D:5      | Reached XP level 9. HP: 69/70 MP: 14/14
  3581 | D:5      | Glimpsed the power of Zot.
  3631 | D:5      | Glimpsed the power of Zot.
  3671 | D:5      | Glimpsed the power of Zot.
  3681 | D:5      | Touched by the power of Zot.
  3781 | D:6      | Glimpsed the power of Zot.
  3831 | D:6      | Glimpsed the power of Zot.
  3847 | D:7      | Reached **** piety under Elyvilon
  4390 | D:6      | Glimpsed the power of Zot.
  4439 | D:6      | Glimpsed the power of Zot.
  4479 | D:6      | Glimpsed the power of Zot.
  4489 | D:6      | Touched by the power of Zot.
  4590 | D:6      | Glimpsed the power of Zot.
  4639 | D:7      | Glimpsed the power of Zot.
  4681 | D:7      | Glimpsed the power of Zot.
  4691 | D:7      | Touched by the power of Zot.
  5255 | D:7      | Found an ancient bone altar of Kikubaaqudgha.
  5262 | D:7      | Reached skill level 10 in Staves
  5391 | D:8      | Glimpsed the power of Zot.
  5401 | D:8      | Reached XP level 10. HP: 59/77 MP: 15/15
  5412 | D:8      | Found a flagged portal.
  5438 | Bailey   | Entered a bailey
  5606 | Bailey   | Reached skill level 5 in Evocations
  5613 | Bailey   | Reached skill level 7 in Invocations
  5683 | Bailey   | Reached skill level 8 in Invocations
  5752 | Bailey   | Identified the ring "Itex" {Fire Int+3 Slay+3}
  5759 | Bailey   | Reached skill level 9 in Invocations
  5868 | Bailey   | Identified the +2 robe "Veasir" {Int+4}
  6130 | D:1      | Bought a lajatang for 375 gold pieces
  6133 | D:1      | Identified a scroll of acquirement
  6133 | D:1      | Acquired 1134 gold pieces
  6229 | D:3      | Noticed Jessica
  6232 | D:3      | Killed Jessica
  6247 | D:3      | Got Jessica's Compilation of Glamour
  6266 | D:4      | Learned a level 7 spell: Ozocubu's Refrigeration
  6288 | D:4      | Bought a potion of curing for 33 gold pieces
  6288 | D:4      | Bought a potion of ambrosia for 88 gold pieces
  6288 | D:4      | Bought a potion of heal wounds for 55 gold pieces
  6288 | D:4      | Bought a potion of haste for 110 gold pieces
  6288 | D:4      | Bought a potion of haste for 110 gold pieces
  6460 | D:7      | Reached skill level 10 in Invocations
  6498 | D:7      | Glimpsed the power of Zot.
  6549 | D:7      | Glimpsed the power of Zot.
  6589 | D:7      | Glimpsed the power of Zot.
  6599 | D:7      | Touched by the power of Zot.
  6700 | D:7      | Glimpsed the power of Zot.
  6752 | D:7      | Glimpsed the power of Zot.
  6793 | D:7      | Glimpsed the power of Zot.
  6802 | D:7      | Touched by the power of Zot.
  6903 | D:8      | Glimpsed the power of Zot.
  6957 | D:8      | Glimpsed the power of Zot.
  7001 | D:8      | Glimpsed the power of Zot.
  7010 | D:8      | Touched by the power of Zot.
  7029 | D:8      | Reached XP level 11. HP: 52/82 MP: 16/19
  7114 | D:8      | Glimpsed the power of Zot.
  7164 | D:8      | Glimpsed the power of Zot.
  7204 | D:8      | Glimpsed the power of Zot.
  7214 | D:8      | Touched by the power of Zot.
  7316 | D:8      | Glimpsed the power of Zot.
  7370 | D:8      | Glimpsed the power of Zot.
  7410 | D:8      | Glimpsed the power of Zot.
  7420 | D:8      | Touched by the power of Zot.
  7456 | D:8      | Learned a level 3 spell: Ozocubu's Armour
  7524 | D:8      | Glimpsed the power of Zot.
  7545 | D:10     | Entered Level 10 of the Dungeon
  7558 | D:9      | Noticed a manticore
  7558 | D:9      | Noticed a boulder beetle
  7560 | D:9      | Noticed a tengu warrior
  7573 | D:9      | Noticed a cyclops
  7577 | D:9      | Killed a manticore
  7578 | D:9      | Noticed a two-headed ogre
  7583 | D:9      | Killed a tengu warrior
  7586 | D:9      | Killed a two-headed ogre
  7587 | D:9      | Reached skill level 5 in Fighting
  7588 | D:9      | Killed a cyclops
  7589 | D:9      | Reached skill level 5 in Dodging
  7735 | D:9      | Reached skill level 5 in Armour
  8145 | D:9      | Glimpsed the power of Zot.
  8180 | D:9      | Noticed a manticore
  8195 | D:9      | Glimpsed the power of Zot.
  8237 | D:9      | Glimpsed the power of Zot.
  8247 | D:9      | Touched by the power of Zot.
  8261 | D:9      | Identified the +3 ring mail of Supple Strength {rElec Str-3
                  | Slay+3}
  8276 | D:9      | Reached XP level 12. HP: 94/94 MP: 17/20
  8300 | D:9      | Found a staircase to the Lair.
  8352 | D:9      | Glimpsed the power of Zot.
  8404 | D:9      | Glimpsed the power of Zot.
  8445 | D:9      | Glimpsed the power of Zot.
  8455 | D:9      | Touched by the power of Zot.
  8475 | D:10     | Found a portal to a secret trove of treasure.
  8565 | D:9      | Glimpsed the power of Zot.
  8605 | D:9      | Pacified a boulder beetle
  8616 | D:9      | Glimpsed the power of Zot.
  8656 | D:9      | Glimpsed the power of Zot.
  8665 | D:9      | Touched by the power of Zot.
  8705 | D:9      | Noticed a death knight
  8738 | D:10     | Noticed an orc knight
  8754 | D:9      | Killed a death knight
  8768 | D:9      | Glimpsed the power of Zot.
  8819 | D:9      | Glimpsed the power of Zot.
  8839 | D:9      | Noticed a two-headed ogre
  8847 | D:9      | Killed a two-headed ogre
  8859 | D:9      | Glimpsed the power of Zot.
  8869 | D:9      | Touched by the power of Zot.
  8917 | D:9      | Learned a level 1 spell: Apportation
  8969 | D:9      | Glimpsed the power of Zot.
  9019 | D:9      | Glimpsed the power of Zot.
  9059 | D:9      | Glimpsed the power of Zot.
  9069 | D:9      | Touched by the power of Zot.
  9109 | D:9      | Killed an orc knight
  9147 | Lair:1   | Entered Level 1 of the Lair of Beasts
  9379 | Lair:1   | Identified the +4 scale mail of the Kettle-Drum {Contam
                  | Slay+6}
  9450 | Lair:1   | Noticed Gastronok
  9465 | Lair:1   | Killed Gastronok
  9466 | Lair:1   | Reached skill level 10 in Dodging
  9520 | Lair:1   | Reached skill level 10 in Armour
  9520 | Lair:1   | Reached skill level 1 in Spellcasting
  9648 | Lair:1   | Reached XP level 13. HP: 57/100 MP: 21/21
  9669 | Lair:1   | Glimpsed the power of Zot.
  9723 | Lair:1   | Glimpsed the power of Zot.
  9908 | Lair:2   | Reached skill level 10 in Evocations
 10041 | Lair:2   | Noticed a catoblepas
 10054 | Lair:2   | Killed a catoblepas
 10294 | Lair:2   | Reached skill level 11 in Invocations
 10298 | Lair:2   | Glimpsed the power of Zot.
 10348 | Lair:2   | Glimpsed the power of Zot.
 10388 | Lair:2   | Glimpsed the power of Zot.
 10398 | Lair:2   | Touched by the power of Zot.
 10508 | Lair:2   | Glimpsed the power of Zot.
 10559 | Lair:2   | Glimpsed the power of Zot.
 10599 | Lair:2   | Glimpsed the power of Zot.
 10609 | Lair:2   | Touched by the power of Zot.
 10667 | Lair:2   | Reached skill level 12 in Invocations
 10725 | Lair:2   | Glimpsed the power of Zot.
 10775 | Lair:2   | Glimpsed the power of Zot.
 10815 | Lair:2   | Glimpsed the power of Zot.
 10827 | Lair:2   | Touched by the power of Zot.
 10883 | Lair:2   | Identified the +2 ring mail of the Komodo Dragon {+Blink
                  | rF- Str+5}
 10931 | Lair:2   | Glimpsed the power of Zot.
 10977 | Lair:2   | Glimpsed the power of Zot.
 11014 | Lair:3   | Reached skill level 13 in Invocations
 11140 | Lair:3   | Found a staircase to the Shoals.
 11174 | Lair:3   | Identified the +5 trident "Zor Ere" {flame, Dex+4 SInv}
 11218 | Lair:3   | Noticed a four-headed hydra
 11219 | Lair:3   | Pacified a four-headed hydra
 11220 | Lair:3   | Reached skill level 14 in Invocations
 11254 | Lair:3   | Reached XP level 14. HP: 107/107 MP: 25/25
 11353 | Lair:3   | Reached skill level 15 in Invocations
 11381 | Lair:3   | Found a staircase to the Snake Pit.
 11864 | Lair:3   | Reached skill level 1 in Ice Magic
 12178 | Lair:3   | Glimpsed the power of Zot.
 12240 | Lair:3   | Glimpsed the power of Zot.
 12286 | Lair:3   | Glimpsed the power of Zot.
 12297 | Lair:3   | Touched by the power of Zot.
 12370 | Lair:3   | Reached skill level 5 in Ice Magic
 12405 | Lair:4   | Glimpsed the power of Zot.
 12455 | Lair:4   | Glimpsed the power of Zot.
 12495 | Lair:4   | Glimpsed the power of Zot.
 12505 | Lair:4   | Touched by the power of Zot.
 12611 | Lair:4   | Glimpsed the power of Zot.
 12661 | Lair:4   | Glimpsed the power of Zot.
 12707 | Lair:4   | Glimpsed the power of Zot.
 12717 | Lair:4   | Touched by the power of Zot.
 12730 | Lair:4   | Noticed Nessos
 12734 | Lair:4   | Noticed Nessos
 12734 | Lair:4   | Nessos changed into Nessos the sea snake
 12743 | Lair:4   | Killed Nessos the sea snake
 12827 | Lair:4   | Glimpsed the power of Zot.
 12877 | Lair:4   | Glimpsed the power of Zot.
 12924 | Lair:4   | Glimpsed the power of Zot.
 12934 | Lair:4   | Touched by the power of Zot.
 13034 | Lair:4   | Glimpsed the power of Zot.
 13084 | Lair:4   | Glimpsed the power of Zot.
 13124 | Lair:4   | Glimpsed the power of Zot.
 13134 | Lair:4   | Touched by the power of Zot.
 13235 | Lair:4   | Glimpsed the power of Zot.
 13285 | Lair:4   | Glimpsed the power of Zot.
 13325 | Lair:4   | Glimpsed the power of Zot.
 13334 | Lair:4   | Touched by the power of Zot.
 13407 | Lair:5   | Entered Level 5 of the Lair of Beasts
 13452 | Lair:5   | Reached XP level 15. HP: 74/118 MP: 27/27
 13459 | Lair:5   | Reached skill level 10 in Ice Magic
 13973 | Lair:5   | Found a corrupted altar of Lugonu.
 13973 | Lair:5   | Found a one-way gate to the infinite horrors of the Abyss.
 14092 | Lair:5   | Glimpsed the power of Zot.
 14146 | Lair:5   | Glimpsed the power of Zot.
 14186 | Lair:5   | Glimpsed the power of Zot.
 14197 | Lair:5   | Touched by the power of Zot.
 14220 | Lair:4   | HP: 4/118 [large abomination (28)]
 14222 | Lair:4   | Mangled by a large abomination

Illustrated notes

Levels and vault maps discovered:
D:1:      dpeg_arrival_solitude, layout_loops_ring, serial_shops, shop,
          minmay_pentomino_q2
D:2:      layout_basic
D:3:      layout_rooms, lemuel_doored_altar, general_overflow_altar,
          shapermc_ecumenical_altar_starsandcircs, kennysheep_jessica_study
D:4:      layout_gridville, old_standard_altar,
          mainiacjoe_overflow_cross_hatched, kennysheep_small_square
D:5:      layout_cave_pods, mainiacjoe_overflow_surrounded_room,
          minmay_temple_entry_waves
D:6:      layout_cave_pods, mainiacjoe_overflow_six_doors_small,
          portal_sewer_entry_e
D:7:      layout_basic, kiku_gazebo_pond_becter, lemuel_tele_altar
D:8:      layout_loops_ring, enter_bailey_6, grunt_ministairs_2
D:9:      nzn_winding_woodlands_stair_cross [nzn_winding_woodlands_5x15_cabin,
          nzn_winding_woodlands_center_diamonds,
          nzn_winding_woodlands_5x15_default, nzn_winding_woodlands_hourglass,
          nzn_winding_woodlands_5x5_perimeter,
          nzn_winding_woodlands_5x15_split_checker,
          nzn_winding_woodlands_center_pierced_h,
          nzn_winding_woodlands_5x15_zeroes], layout_rooms,
          kennysheep_island_fort
D:10:     minmay_shrinking_squares, layout_layer_cave,
          mainiacjoe_overflow_catwalk, hiddenorc1_lemuel, enter_trove_0,
          st_stairs_12, minmay_lizard_king
Temple:   dshaligram_water_room_temple
Lair:1:   layout_chaotic_city, uniq_gastronok
Lair:2:   regret_index_harrowing_hell_hive, layout_layer_cave, minmay_holes,
          grunt_megastairs_3
Lair:3:   wad_woods_structure_01, layout_misc_corridors,
          minmay_shoals_entry_beasts, guppyfry_snake_entry_island,
          nicolae_lair_lindhole, lemuel_fruit_tree
Lair:4:   layout_cave_pods, chequers_serial_rivers_small_3, grunt_megastairs_2,
          uniq_nessos
Lair:5:   hellmonk_lair_end_abyssal_woods, layout_misc_corridors,
          dpeg_slime_entry_enclosed, infiniplex_staircase_pool_2,
          serial_bayou_shore_a, lemuel_fruit_fields

Skill      XL: |  1  2  3  4  5  6  7  8  9 10 11 12 13 14 15 |
---------------+----------------------------------------------+-----
Maces & Flails | 5 6 7 8 |  8.0
Evocations     | 2 3 4 6 10 | 10.0
Invocations    | 3 6 10 14 15 | 15.0
Staves         | 2 5 10 12 13 | 13.2
Armour         | 6 10 | 10.0
Dodging        | 6 10 | 10.0
Fighting       | 5 7 |  7.0
Spellcasting   | 1 |  1.0
Ice Magic      | 9 13 | 13.3
Stealth        | |  3.7

Action                   |  1- 3 |  4- 6 |  7- 9 | 10-12 | 13-15 || total
-------------------------+-------+-------+-------+-------+-------++-------
Melee: Mace              |       |    65 |   322 |       |       ||   387
       Punch             |       |     2 |    10 |     1 |       ||    13
       Flail             |       |       |   234 |   136 |       ||   370
       Lajatang          |       |       |       |   383 |   871 ||  1254
Throw: Dart              |       |       |    11 |    22 |       ||    33
       Throwing net      |       |       |       |    21 |       ||    21
 Cast: Apportation       |       |       |       |       |     3 ||     3
Invok: Purification      |       |       |     9 |    11 |    17 ||    37
       Heal Self         |       |       |     3 |    10 |    20 ||    33
       Heal Other        |       |       |       |     5 |     5 ||    10
Evoke: Wand              |     2 |     3 |     6 |    28 |     5 ||    44
       Phial of floods   |       |       |       |     1 |     1 ||     2
       Tin of tremorston |       |       |       |       |     1 ||     1
  Use: Scroll            |       |     1 |    10 |    13 |     6 ||    30
       Potion            |       |       |     5 |     2 |     2 ||     9
 Stab: Distracted        |       |     1 |       |       |       ||     1
       Sleeping          |       |       |     2 |       |     1 ||     3
       Held in net/web   |       |       |       |     5 |       ||     5
       Petrified         |       |       |       |       |     1 ||     1
Armor: Leather armour    |       |     9 |    35 |       |       ||    44
       Scale mail        |       |       |   220 |   105 |   358 ||   683
       Ring mail         |       |       |    20 |   134 |       ||   154
Dodge: Dodged            |       |    46 |   260 |   261 |   418 ||   985
